 Dungeon Crawl Stone Soup version 0.31.0-12-g77e489cdc1 (webtiles) character file.

Game seed: 16732296964646266003

989 Logoto the Cleaver (level 8, -7/70 HPs)
             Began as a Hill Orc Berserker on Feb 21, 2024.
             Was a Believer of Trog.
             Mangled by Duvessa
             ... wielding a +2 short sword of venom
              (13 damage)
             ... on level 5 of the Dungeon.
             The game lasted 00:13:18 (4310 turns).

Logoto the Cleaver (Hill Orc Berserker)             Turns: 4310, Time: 00:13:19

Health: -7/70      AC: 13    Str: 22    XL:     8   Next: 18%
Magic:  8/8        EV:  6    Int:  7    God:    Trog [**....]
Gold:   274        SH:  4    Dex: 10    Spells: 7/7 levels left

rFire   + . .        a - +0 hand axe
rCold   . . .        g - +0 buckler
rNeg    . . .        m - +0 plate armour
rPois   .            (no helmet)
rElec   .            (no cloak)
rCorr   .            (no gloves)
SInv    .            b - +0 pair of boots
Will    .....        (no amulet) Stlth
                     q - ring of protection from fire
HPRegen 0.31/turn    (no ring)
MPRegen 0.11/turn

%: no passive effects
@: lethally poisoned (-7 -> -44), on berserk cooldown, slowed, very slow
A: no striking features
a: Renounce Religion, Berserk, Trog's Hand


You were on level 5 of the Dungeon.
You worshipped Trog.
Trog was pleased with you.
You visited 1 branch of the dungeon, and saw 5 of its levels.

You collected 274 gold pieces.

Inventory:

Hand Weapons
 a - a +0 hand axe (weapon)
 s - a +4 dagger
Armour
 b - a +0 pair of boots (worn)
 g - a +0 buckler (worn)
 m - a +0 plate armour (worn)
 v - a +1 leather armour of fire resistance
Jewellery
 q - a ring of protection from fire (left hand)
Wands
 t - a wand of flame (24)
Scrolls
 c - 2 scrolls of revelation
 d - 5 scrolls of identify
 e - 2 scrolls of noise {unknown}
 h - 2 scrolls of enchant weapon {unknown}
 j - a scroll of blinking {unknown}
 l - 3 scrolls of teleportation {unknown}
 r - a scroll of immolation {unknown}
Potions
 f - a potion of curing {unknown}
 k - a potion of brilliance {unknown}
 n - 2 potions of haste {unknown}
 o - 2 potions of mutation {unknown}
 p - 2 potions of heal wounds {unknown}
 u - a potion of cancellation {unknown}


   Skills:
 + Level 5.6 Fighting
 + Level 9.0 Axes
 + Level 5.7 Armour
 + Level 2.1 Dodging
 + Level 0.1 Stealth
 + Level 2.3 Shields


You had 7 spell levels left.
You didn't know any spells.
Your spell library was empty.

Dungeon Overview and Level Annotations

Branches:
Dungeon (5/15)
 Temple: D:4-7

Altars:
Ashenzari
Qazlal
Ru
Sif Muna
Trog

Annotations:
D:4 1 runed translucent door, Zeo's ghost, amateur BaHu
D:5 Duvessa


Message History

You slash the iguana!
You kill the iguana!
Trog accepts your kill.
Found a shimmering blue altar of Sif Muna.
You feel a strong urge to attack something.
You are no longer berserk.
You are exhausted.
You feel yourself slow down.
You see here a hound corpse.
You start resting.
Duvessa, Sister of Dowan comes into view.
She is wielding a +2 short sword of venom.
Duvessa moves out of view.
You start resting.
HP restored.
You start waiting.
Duvessa is nearby!
Duvessa is nearby!
Duvessa goes berserk!
Duvessa hits you with a +2 short sword of venom!
You are poisoned.
There is a stone staircase leading up, spattered with blood here.
You hit Duvessa but do no damage.
You feel very sick.
Duvessa hits you with a +2 short sword of venom.
You are more poisoned.
Duvessa hits you with a +2 short sword of venom!
You are more poisoned.
You closely miss Duvessa.
You feel extremely sick.
Duvessa hits you with a +2 short sword of venom.
You are lethally poisoned!
Duvessa hits you with a +2 short sword of venom!
* * * LOW HITPOINT WARNING * * *
You are more poisoned.
You can't go down here!
* * * LOW HITPOINT WARNING * * *
You feel extremely sick. Duvessa barely misses you.
Duvessa hits you with a +2 short sword of venom!
You die...

#########
#....e..#
#..†@#...._
###### #..


You could see Duvessa (berserk).

Vanquished Creatures
  Sigmund (D:5)
  A black bear (D:4)
  An ice beast (D:4)
  Dowan (D:5)
  A bombardier beetle (D:3)
  4 hounds
  A jelly (D:4)
  2 orc priests
  2 iguanas (D:5)
  An orc wizard (D:4)
  Robin (D:4)
  7 adders
  10 gnolls
  2 ribbon worms
  A dart slug (D:3)
  16 orcs
  9 endoplasms
  4 giant cockroaches
  16 goblins
  6 hobgoblins
  3 jackals (D:1)
  2 kobolds (D:2)
  A quokka (D:1)
  7 ball pythons
  5 bats
  A frilled lizard (D:1)
  3 rats
109 creatures vanquished.

Notes
Turn   | Place    | Note
-------+----------+-------------------------------------------
     0 | D:1      | Logoto the Hill Orc Berserker began the quest for the Orb.
     0 | D:1      | Reached XP level 1. HP: 19/19 MP: 1/1
   101 | D:1      | Reached XP level 2. HP: 23/27 MP: 2/2
   755 | D:2      | Reached XP level 3. HP: 33/33 MP: 3/3
   935 | D:2      | Reached skill level 5 in Axes
  1496 | D:3      | Reached XP level 4. HP: 34/40 MP: 4/4
  1668 | D:3      | Reached skill level 6 in Axes
  1668 | D:3      | Reached XP level 5. HP: 47/47 MP: 5/5
  1846 | D:3      | Found a broken altar of Ashenzari.
  1939 | D:3      | Found a sacrificial altar of Ru.
  1939 | D:3      | Found a bloodstained altar of Trog.
  1947 | D:3      | Reached ** piety under Trog
  2007 | D:3      | Found a faded altar of an unknown god.
  2257 | D:3      | Reached skill level 1 in Shields
  2648 | D:4      | Noticed Zeo's ghost (amateur BaHu)
  2655 | D:4      | Reached XP level 6. HP: 53/53 MP: 6/6
  2711 | D:4      | Reached skill level 7 in Axes
  2729 | D:4      | Noticed Robin
  2911 | D:4      | Killed Robin
  2935 | D:4      | Found a runed translucent door.
  2992 | D:4      | Noticed a black bear
  2992 | D:4      | Noticed an ice beast
  3240 | D:4      | Killed a black bear
  3244 | D:4      | Reached XP level 7. HP: 52/60 MP: 7/7
  3522 | D:4      | Noticed Sigmund
  3526 | D:5      | Entered Level 5 of the Dungeon
  3531 | D:5      | Killed Sigmund
  3532 | D:5      | Reached skill level 5 in Fighting
  3532 | D:5      | Reached skill level 8 in Axes
  3842 | D:4      | Reached skill level 5 in Armour
  3845 | D:4      | Found a stormy altar of Qazlal.
  3951 | D:4      | Reached XP level 8. HP: 58/69 MP: 8/8
  4281 | D:5      | Noticed Dowan
  4286 | D:5      | Killed Dowan
  4287 | D:5      | Reached skill level 9 in Axes
  4296 | D:5      | Found a shimmering blue altar of Sif Muna.
  4300 | D:5      | Noticed Duvessa
  4310 | D:5      | Mangled by Duvessa

Illustrated notes

Levels and vault maps discovered:
D:1:      lightli_arrival_noodles, layout_loops_ring
D:2:      layout_loops_ring
D:3:      layout_loops_corners, gammafunk_temple_overflow_pools,
          ashenzari_conservatory_becter, nicolae_ecumenical_lake_church
D:4:      layout_gridville, mainiacjoe_overflow_boulevard,
          hellmonk_ghost_happy_afterlife, minmay_misc_feat_chi,
          dreamdust_gnoll_farm, uniq_sigmund, uniq_robin
D:5:      layout_basic, led_sif_book, overflow_temple_1_default,
          elyvilon_altar_1, jmf_multi_god_temple2, minmay_temple_entry_mist,
          uniq_edmund, uniq_duvessa, uniq_crazy_yiuf_cottage

Skill      XL: |  1  2  3  4  5  6  7  8 |
---------------+-------------------------+-----
Fighting       | 4 5 |  5.6
Axes           | 5 6 7 8 9 |  9.0
Armour         | 3 5 |  5.7
Dodging        | 2 |  2.1
Shields        | 1 2 |  2.3
Stealth        | |  0.1

Action                     |  1- 3 |  4- 6 |  7- 9 || total
---------------------------+-------+-------+-------++-------
  Melee: Hand axe          |   102 |   148 |    94 ||   344
         Punch             |     1 |       |       ||     1
 Invoke: Berserk           |     1 |     9 |     6 ||    16
    Use: Scroll            |       |     1 |     1 ||     2
 Armour: Animal skin       |    22 |       |       ||    22
         Plate armour      |    54 |   193 |    64 ||   311
  Dodge: Dodged            |    45 |    74 |    22 ||   141
  Block: Buckler           |    10 |    48 |     8 ||    66
